 Dungeon Crawl Stone Soup version 0.26.1-11-gd32895ea62 (webtiles) character file.

Game seed: 14035130635590229124

48 Kukuleta the Skirmisher (level 3, 0/30 HPs)
             Began as a Barachi Fighter on June 30, 2021.
             Succumbed to an adder's poison
             ... on level 2 of the Dungeon.
             The game lasted 00:04:11 (931 turns).

Kukuleta the Skirmisher (Barachi Fighter)            Turns: 931, Time: 00:04:12

Health: 0/30       AC:  7    Str: 17    XL:     3   Next: 72%
Magic:  3/3        EV:  9    Int:  8    God:
Gold:   11         SH:  0    Dex: 12    Spells: 2/2 levels left

rFire    . . .     SeeInvis .   a - +0 long sword
rCold    . . .     Faith    .   (no shield)
rNeg     . . .     Spirit   .   b - +0 scale mail
rPois    .         Reflect  .   (no helmet)
rElec    .         Harm     .   (no cloak)
rCorr    .         Rampage  .   (no gloves)
Will     +....                  (no boots)
Stlth    ..........             (no amulet)
HPRegen  0.10/turn              (no ring)
MPRegen  0.08/turn              (no ring)

@: lethally poisoned (0 -> -6), can't hop, slow
A: +LOS, swims, blink, strong-willed 1, slowness 1, subdued magic 1, strong legs
1
a: Hop, Blink


You were on level 2 of the Dungeon.
You visited 1 branch of the dungeon, and saw 3 of its levels.

You collected 11 gold pieces.

Inventory:

Hand Weapons
 a - a +0 long sword (weapon)
Armour
 b - a +0 scale mail (worn)
Scrolls
 e - a scroll of enchant weapon {unknown}
 f - a scroll of teleportation {unknown}
Potions
 d - a potion of might
 g - a potion of degeneration {unknown}


   Skills:
 + Level 4.1 Fighting
 * Level 3.7 Long Blades
 + Level 4.1 Armour
 - Level 3.4 Shields


You had 2 spell levels left.
You didn't know any spells.
Your spell library was empty.

Dungeon Overview and Level Annotations

Branches:
Dungeon (3/15)

Altars:


Innate Abilities, Weirdness & Mutations

You can be seen from farther away. (+LOS)
You can swim through water.
You cover ground slowly.
You can hop short distances.
You can translocate small distances at will.
You are strong-willed. (Will+)
Your spells are a little easier to cast, but a little less powerful.


Message History

The adder is severely wounded.
You feel sick. The adder bites you.
* * * LOW HITPOINT WARNING * * *
You are lethally poisoned!
The adder poisons you! The adder bites you.
* * * LOW HITPOINT WARNING * * *
You barely miss the adder.
The adder is severely wounded.
* * * LOW HITPOINT WARNING * * *
You feel sick. The adder bites you.
* * * LOW HITPOINT WARNING * * *
The orc priest looks braver for a moment.
You slash the adder!
You kill the adder!
The orc priest calls down the wrath of Beogh upon you.
You barely resist.
It was a potion of mutation.
You feel extremely strange.
You feel jittery.
Your connection to magic feels subdued.
You feel strong-willed.
You die...

##### ### #...# ...
#.#.# ... #.#.#######
...########.#....)..#
..............>.o##.#
...########†####†#..#
......S..S..# #@#.##
..........######.#.#
...............#.#.###
...........###.#.#...#
.........#.....#.###<#
.........#######.#...#
.................#.###
##################.#
#.....###....#


You could see an orc priest.

Vanquished Creatures
  An adder (D:2)
  An ooze (D:2)
  A worm (D:2)
  2 dart slugs (D:1)
  A leopard gecko (D:1)
  A ball python (D:1)
  3 bats (D:1)
  4 goblins (D:1)
  A hobgoblin (D:1)
  4 kobolds
  3 frilled lizards (D:1)
  7 rats
29 creatures vanquished.

Notes
Turn   | Place    | Note
-------+----------+-------------------------------------------
     0 | D:1      | Kukuleta the Barachi Fighter began the quest for the Orb.
     0 | D:1      | Reached XP level 1. HP: 18/18 MP: 1/1
   248 | D:1      | Reached XP level 2. HP: 24/25 MP: 2/2
   579 | D:1      | Reached XP level 3. HP: 30/30 MP: 3/3
   929 | D:2      | HP: 1/30 [adder (3)]
   931 | D:2      | Gained mutation: You can translocate small distances at
                  | will. [potion of mutation]
   931 | D:2      | Gained mutation: Your spells are a little easier to cast,
                  | but a little less powerful. [potion of mutation]
   931 | D:2      | Gained mutation: You are strong-willed. (Will+) [potion of
                  | mutation]
   931 | D:2      | Succumbed to an adder's poison

Illustrated notes

Levels and vault maps discovered:
D:1:      grunt_arrival_crossed_arrows, layout_loops_ring
D:2:      layout_basic, overflow_temple_1_default, minmay_distorted,
          uniq_sigmund
D:3:      layout_basic, lemuel_coloured_pillars_altar,
          grunt_temple_overflow_open

Skill      XL: |  1  2  3 |
---------------+----------+-----
Long Blades    | 3 |  3.7
Armour         | 4 |  4.1
Fighting       | 4 |  4.1
Shields        | |  3.4

Action                   || total
-------------------------++-------
Melee: Long sword        ||    89
 Abil: Hop               ||     1
  Use: Potion            ||     1
Armor: Scale mail        ||    47
Dodge: Dodged            ||    37
Block: Kite shield       ||    13
       Rpst.: Long sword ||    13
